AoeStats
← BenJames

Arabia

506228391Analyzed
2v2 RM · 19d ago on Sep 12, 2026· 57m 40s· 4 players
Game mode
Random Map
Map size
Medium (4 player)
Population
200
Speed
Normal
Resources
Standard
Victory
Conquest
Starting age
Dark Age
Ending age
Imperial Age
RankedLock teamsTeams togetherTeam positionsShared explorationLock speedFull tech treeHidden civsTurbo modeCheats
Victory
Defeat
🇨🇴 Poles · Colombia
1119
+17
🇨🇴 Mongols · Colombia
1103
+18
🇷🇺 Mongols · Russia
1177
-19
🇷🇺 Magyars · Russia
1113
-16
Patroclo
5:26 Loom
10:00 Feudal Age
10:32 Double-Bit Axe
10:44 Horse Collar
16:49 Town Watch
18:21 Wheelbarrow
21:39 Castle Age
19:47 Stone Mining
22:29 Bloodlines
23:43 Hand Cart
23:41 Bow Saw
23:33 Heavy Plow
24:35 Szlachta Privileges
24:49 Husbandry
24:48 Gold Mining
27:25 Scale Barding Armor
27:42 Forging
36:37 Stone Shaft Mining
36:37 Chain Barding Armor
38:57 Iron Casting
43:48 Imperial Age
41:55 Town Patrol
43:54 Cavalier
45:38 Blast Furnace
45:17 Hoardings
44:40 Light Cavalry
45:56 Conscription
53:51 Winged Hussar
55:15 Spies/Treason
BenJames
5:57 Loom
8:18 Feudal Age
9:52 Double-Bit Axe
9:57 Man-at-Arms
16:51 Arson
17:19 Forging
19:10 Wheelbarrow
19:42 Fletching
25:14 Castle Age
23:40 Padded Archer Armor
26:25 Bloodlines
26:33 Bow Saw
26:16 Horse Collar
26:28 Gold Mining
26:58 Husbandry
27:55 Bodkin Arrow
29:14 Iron Casting
29:13 Scale Barding Armor
31:56 Heavy Plow
36:20 Chain Barding Armor
36:30 Hand Cart
45:57 Imperial Age
44:29 Gold Shaft Mining
44:06 Thumb Ring
43:33 Crossbowman
45:45 Ballistics
46:27 Stone Mining
47:15 Parthian Tactics
47:18 Leather Archer Armor
46:59 Arbalester
48:54 Stone Shaft Mining
49:43 Chemistry
49:31 Conscription
49:29 Heavy Cavalry Archer
51:21 Bracer
58:00 Blast Furnace
57:31 Spies/Treason
Ligrete
6:41 Loom
9:09 Feudal Age
9:49 Double-Bit Axe
9:47 Horse Collar
15:17 Scale Barding Armor
16:23 Town Watch
19:17 Wheelbarrow
22:37 Castle Age
21:38 Gold Mining
22:02 Fletching
22:30 Forging
23:31 Bloodlines
23:22 Husbandry
23:47 Chain Barding Armor
26:54 Bow Saw
35:29 Hand Cart
35:25 Fletching
36:32 Town Patrol
36:51 Bodkin Arrow
42:56 Imperial Age
43:22 Ballistics
43:18 Padded Archer Armor
43:30 Thumb Ring
43:45 Bracer
44:50 Chemistry
44:00 Masonry
44:20 Conscription
44:34 Leather Archer Armor
45:37 Heavy Camel Rider
kotyara
5:52 Loom
12:16 Feudal Age
18:31 Wheelbarrow
23:30 Castle Age
21:59 Double-Bit Axe
24:30 Bow Saw
24:34 Horse Collar
27:43 Husbandry
31:22 Pikeman
37:07 Scale Mail Armor
43:03 Hand Cart
48:10 Imperial Age
46:45 Chain Mail Armor
51:56 Two-Man Saw
51:04 Heavy Plow
Connection lost

Rejoining the realm…

Still unreachable

The connection could not be restored.

Session expired

The server has moved on; the page needs a fresh start.